[Event "FIN-ch 2019"]
[Site "Helsinki"]
[Date "2019.06.18"]
[Round "9.5"]
[White "Lindholm, Jere"]
[Black "Sipila, Vilka"]
[Result "0-1"]
[ECO "B67"]
[WhiteElo "2145"]
[BlackElo "2410"]
[Annotator "NA"]
[PlyCount "72"]
[EventDate "2019.06.10"]
[EventType "swiss"]
[EventCountry "FIN"]
[SourceTitle "playchess.com"]
[Source "ChessBase"]
[SourceQuality "1"]
[TimeControl "40/5400+30:1800+30"]

1. e4 c5 2. Nf3 d6 3. d4 cxd4 4. Nxd4 Nf6 5. Nc3 Nc6 6. Bg5 e6 7. Qd2 a6 8. O-O-O Bd7 9. f4 b5 10. Bxf6 gxf6 11. Nxc6 Bxc6 12. Qe3 Rc8 13. Kb1 Qc7 14. Bd3 Be7 15. f5 e5 16. Qh6 Qb7 17. g4 a5 18. g5 b4 19. Nd5 Bxd5 20. exd5 fxg5 21. Qg7 Rf8 22. f6 Bd8 23. h4 g4 24. Rhg1 h5 25. Bg6 Qc7 26. Bf5 Rb8 27. Bxg4 hxg4 28. h5 Rc8 29. Rc1 Qc4 30. Rxg4 Qe2 31. Rg6 Bb6 32. h6 Kd7 33. h7 Kc7 34. h8=Q Rxh8 35. Qxf7+ Kb8 36. Rg7 Qxc2+ 0-1

[Event "FIN-ch 2019"]
[Site "Helsinki"]
[Date "2019.06.18"]
[Round "9.6"]
[White "Ronka, Erik"]
[Black "Norri, Joose"]
[Result "1-0"]
[ECO "B05"]
[WhiteElo "2270"]
[BlackElo "2271"]
[Annotator "NA"]
[PlyCount "37"]
[EventDate "2019.06.10"]
[EventType "swiss"]
[EventCountry "FIN"]
[SourceTitle "playchess.com"]
[Source "ChessBase"]
[SourceQuality "1"]
[TimeControl "40/5400+30:1800+30"]

1. e4 Nf6 2. e5 Nd5 3. d4 d6 4. Nf3 Bg4 5. Be2 e6 6. h3 Bxf3 7. Bxf3 dxe5 8. c4 Nb6 9. Bxb7 Bb4+ 10. Bd2 Bxd2+ 11. Qxd2 N8d7 12. Bxa8 Qxa8 13. O-O O-O 14. dxe5 Nxe5 15. b3 f5 16. f4 Nc6 17. Nc3 Rd8 18. Qe3 Nd4 19. c5 1-0

[Event "FIN-ch 2019"]
[Site "Helsinki"]
[Date "2019.06.18"]
[Round "9.7"]
[White "Tiitta, Sauli"]
[Black "Jarvenpaa, Jari"]
[Result "0-1"]
[ECO "D00"]
[WhiteElo "2214"]
[BlackElo "2204"]
[Annotator "NA"]
[PlyCount "80"]
[EventDate "2019.06.10"]
[EventType "swiss"]
[EventCountry "FIN"]
[SourceTitle "playchess.com"]
[Source "ChessBase"]
[SourceQuality "1"]
[TimeControl "40/5400+30:1800+30"]

1. d4 Nf6 2. Nc3 d5 3. Bf4 c6 4. e3 g6 5. Be2 Bg7 6. h4 h6 7. Nf3 Bg4 8. Ne5 Bxe2 9. Qxe2 Nbd7 10. O-O-O e6 11. f3 Qe7 12. g4 Nb6 13. Qh2 O-O-O 14. Qe2 Ne8 15. e4 Nc7 16. Kb1 Rhe8 17. a3 Nd7 18. Nxd7 Rxd7 19. Qe3 dxe4 20. fxe4 Red8 21. e5 Kb8 22. Qf2 Nd5 23. Na4 Nxf4 24. Qxf4 b6 25. Qe4 c5 26. c3 Rd5 27. Rhf1 Qd7 28. b3 cxd4 29. c4 Rxe5 30. Qf4 f6 31. Nc3 g5 32. Qh2 Qb7 33. Rfe1 Qf3 34. Rxe5 fxe5 35. Qc2 Kc8 36. Nb5 d3 37. Qd2 e4 38. Re1 a6 39. Nc3 Bxc3 40. Qxc3 d2 0-1